 Dungeon Crawl Stone Soup version 0.32-a0-314-g526f7d4 (webtiles) character file.

Game seed: 9253335869056916378

117948 edsrzf the Executioner (level 16, -24/208 HPs)
             Began as a Mountain Dwarf Berserker on Feb 13, 2024.
             Was a High Priest of Trog.
             Annihilated by Donald
             ... wielding a +4 double sword of venom
              (26 damage)
             ... on level 1 of the Swamp on Feb 15, 2024.
             The game lasted 01:12:13 (29965 turns).

edsrzf the Executioner (Mountain Dwarf Berserker)  Turns: 29965, Time: 01:12:14

Health: -24/208    AC: 19    Str: 22    XL:     16   Next: 24%
Magic:  16/16      EV: 18    Int: 10    God:    Trog [*****.]
Gold:   2336       SH:  0    Dex: 13    Spells: 15/15 levels left

rFire   . . .        b - +2 battleaxe
rCold   . . .        (shield currently unavailable)
rNeg    + . .        u - +2 scale mail {rN+}
rPois   +            p - +0 helmet
rElec   .            F - +1 cloak
rCorr   .            (no gloves)
SInv    .            o - +0 pair of boots
Will    +....        x - amulet of magic regeneration Stlth
                     e - +5 ring of evasion
HPRegen 1.34/turn    U - ring of poison resistance
MPRegen 0.55/turn

%: clarity
@: berserking (expiring), lethally poisoned (-24 -> -24), very quick
A: runic magic, artefact enchanting, clarity, regeneration 1
a: Renounce Religion, Berserk, Trog's Hand, Brothers in Arms


You were on level 1 of the Swamp.
You worshipped Trog.
Trog was extremely pleased with you.
You visited 4 branches of the dungeon, and saw 23 of its levels.
You visited the Abyss 1 time.
You also visited: Sewer and Gauntlet.

You collected 2392 gold pieces.
You spent 56 gold pieces at shops.

Inventory:

Hand Weapons
 a - the +4 war axe "Qenk" {flame, +Blink rF+ rCorr}
   (You found it on level 12 of the Dungeon)

   rF+:       It protects you from fire.
   +Blink:    It lets you blink.
   rCorr:     It protects you from acid and corrosion.
 b - a +2 battleaxe (weapon)
Missiles
 c - 4 curare-tipped darts (quivered)
 d - 16 poisoned darts
 C - 6 throwing nets {=f}
 M - 5 darts of dispersal
Armour
 o - a +0 pair of boots (worn)
 p - a +0 helmet (worn)
 u - a +2 scale mail of positive energy (worn)
 F - a +1 cloak (worn)
 J - the +0 pair of gloves of the Shrike {+Inv Str+5}
   (You took it off Nikola on level 1 of the Swamp)

   Str+5:     It affects your strength (+5).
   +Inv:      It lets you turn invisible.
 N - the +0 hat of Wisdom {Will+}
   (You found it in a Gauntlet)

   Will+:     It increases your willpower.
Jewellery
 e - a +5 ring of evasion (left hand)
 i - a ring of positive energy
 x - an amulet of magic regeneration (around neck)
 z - a +4 ring of protection
 O - a ring of the Octopus King {rF+ HP+2 AC+2 EV+2 SH+2}
   (You took it off a minotaur in a Gauntlet)

   [ring of protection from fire]

   AC+2:      It affects your AC (+2).
   EV+2:      It affects your evasion (+2).
   rF+:       It protects you from fire.
   HP+2:      It affects your health (+2).
   SH+2:      It affects your SH (+2).
 Q - a ring of resist corrosion
 U - a ring of poison resistance (right hand)
 W - a ring of willpower
Wands
 s - a wand of quicksilver (10)
 y - a wand of paralysis (12)
 A - a wand of roots (23)
 V - a wand of polymorph (3)
Scrolls
 h - 3 scrolls of poison
 r - 2 scrolls of blinking {unknown}
 t - 2 scrolls of immolation
 v - 3 scrolls of identify {@r1}
 B - 3 scrolls of amnesia {unknown}
 D - 2 scrolls of fog {unknown}
 H - a scroll of teleportation {@r3}
 I - 3 scrolls of enchant weapon
 K - 3 scrolls of enchant armour
 S - a scroll of vulnerability
Potions
 f - 3 potions of curing
 g - 2 potions of mutation {!q}
 j - 3 potions of haste
 k - 3 potions of lignification
 l - 8 potions of enlightenment
 m - 6 potions of might
 n - 2 potions of invisibility
 q - 3 potions of ambrosia
 w - a potion of heal wounds
 E - 3 potions of cancellation
 G - a potion of magic
 T - a potion of attraction
Miscellaneous
 L - a tin of tremorstones (2/2)
 P - a lightning rod (4/4)
 R - a phantom mirror


   Skills:
 + Level 12.2 Fighting
 - Level 21.3 Axes
 - Level 17.3 Armour
 - Level 8.1 Dodging
 - Level 11.0 Evocations


You had 15 spell levels left.
You didn't know any spells.
Your spell library was empty.

Dungeon Overview and Level Annotations

Branches:
Dungeon (15/15)            Temple (0/1) D:7            Lair (5/5) D:10
  Swamp (1/4) Lair:3       Spider (0/4) Lair:2        Slime (0/5) Lair:5
    Orc (2/2) D:12            Elf (0/3) Orc:2        Vaults (0/5) D:14
 Depths (0/4) D:15          Sewer (visited)         Gauntlet (visited)

Altars:
Dithmenos
Hepliaklqana
Kikubaaqudgha
Makhleb
Nemelex Xobeh
Okawaru
Qazlal
Trog
Uskayaw
Wu Jian
Xom
Zin
The Shining One
Lugonu

Shops:
Orc:1 (   Orc:2 *[**

Portals:
Abyss: Lair:5

Annotations:
D:10 3 runed translucent doors, ooops's ghost, novice DsBr
Swamp:1 Donald
Orc:2 2 transporters, roomforsquares's ghost, journeyman TrFi


Innate Abilities, Weirdness & Mutations

Your spellcasting is much less encumbered by armour.
You can use scrolls of enchantment on lesser artefacts.
You possess an exceptional clarity of mind.
Your natural rate of healing is unusually fast.


Message History

You now have 2336 gold pieces (gained 10).
Found a scale mail.
You enter the shallow water.
Moving in this stuff is going to be slow.
Found a leather armour and 7 stones.
Found 7 gold pieces.
W - a ring of willpower Donald the Adventurer comes into view.
He is wielding a +4 double sword of venom, wearing a +0 plate armour of cold resistance and wearing a +0 kite shield of reflection.
Donald shouts!
An alligator comes into view.
Donald mumbles some strange words.
Donald seems to speed up.
Unknown command.
Donald says, "I considered Trog, but the aftereffects of berserk scare me."
You hit Donald but do no damage.
Donald hits you with a +4 double sword of venom!!
You hit Donald.
Donald is lightly wounded.
You hit the alligator.
The alligator tail-slaps you but does no damage.
The alligator bites you!
Donald mumbles some strange words.
Donald seems to grow stronger.
Press: ? - help, v - describe, . - travel, g - get item
Here: Donald, wielding a +4 double sword of venom, wearing a +0 plate armour of cold resistance and wearing a +0 kite shield of reflection (lightly wounded, fast, strong, reflecting blocked projectiles) Item here: a scale mail.
The floor, spattered with blood.
Unknown command.
A red film seems to cover your vision as you go berserk!
You feel yourself moving faster!
You feel mighty!
Donald hits you with a +4 double sword of venom!!
The alligator tail-slaps you but does no damage.
The alligator barely misses you.
Unknown command.
Donald blocks your attack.
Donald is lightly wounded.
You slash the alligator!
Donald hits you with a +4 double sword of venom!!
The alligator tail-slaps you but does no damage.
The alligator bites you but does no damage.
Donald blocks your attack.
Donald is lightly wounded.
You slash the alligator!
Donald hits you with a +4 double sword of venom!!
Donald blocks your attack.
Donald is lightly wounded.
You hit the alligator.
The alligator tail-slaps you but does no damage.
The alligator barely misses you.
You barely miss Donald.
Donald is lightly wounded.
You slash the alligator!
Donald hits you with a +4 double sword of venom!
Donald blocks your attack.
Donald is lightly wounded.
You slash the alligator!
The alligator tail-slaps you but does no damage.
The alligator barely misses you.
Donald hits you with a +4 double sword of venom!!
* * * LOW HITPOINT WARNING * * *
You are poisoned.
You hit Donald but do no damage.
Donald is lightly wounded.
You barely miss the alligator.
You feel sick. Donald blocks your attack.
Donald is lightly wounded.
You slash the alligator!
You kill the alligator!
Trog accepts your kill.
Donald hits you with a +4 double sword of venom!!!
* * * LOW HITPOINT WARNING * * *
You are too berserk!
Unknown command.
Press: ? - help, v - describe, . - travel, g - get item
Here: Donald, wielding a +4 double sword of venom, wearing a +0 plate armour of cold resistance and wearing a +0 kite shield of reflection (fast, strong, reflecting blocked projectiles) Item here: a scale mail.
The floor, spattered with blood.
* * * LOW HITPOINT WARNING * * *
You feel sick.
You feel a strong urge to attack something.
You feel sick.
You are too berserk!
You are too berserk!
Unknown command.
Press: ? - help, v - describe, . - travel The floor.
Donald blocks your attack.
You feel sick.
A tyrant leech comes into view.
Donald blocks your attack.
You feel sick. Donald completely misses you. Donald blocks your attack.
Donald says, "I hate trees.
I hate swamp water.
I hate this place."
Donald completely misses you. Donald blocks your attack.
You feel sick. Donald barely misses you.
Press: ? - help, v - describe, . - travel
Here: Donald, wielding a +4 double sword of venom, wearing a +0 plate armour of cold resistance and wearing a +0 kite shield of reflection (fast, strong, reflecting blocked projectiles)
The floor.
Donald attacks as he pursues you!
Donald hits you with a +4 double sword of venom!!
You die...
Donald says, "Well, maybe you weren't so bad after all."

♣♣~~..♣...~~♣♣♣...~.~..~
♣.~..♣♣...~♣♣ ♣..~.....†
~♣.§§~♣♣.~♣♣ ♣♣.♣♣♣♣♣♣♣
~~.~.~♣~..♣♣♣♣♣♣♣♣♣ ♣
~~§~~.~.~~.♣≈♣≈≈~♣ ≈♣♣♣
....~.♣~~~.♣≈≈≈.≈♣ ≈≈≈≈~
.~........~≈~~~≈≈≈ ≈≈≈≈~
.~~~......≈~.§~~~ ~~≈~~
♣.w~.~~@.~≈~§~.§ ..~~
♣♣~..~.@..~≈~..~ ~~~≈
♣.~~.....~≈~~~~ ≈≈♣
.[^♣....~.~≈♣♣≈≈~ ♣
♣.......[..♣♣♣ ♣♣♣ ♣♣♣
......♣..~.~~.♣ ♣♣.♣ ♣
~~.~.....(.~.~♣ ♣..♣ ♣
.~~.~~$.......~♣ ♣.♣♣ ♣
..~~......~.~.♣♣ ♣.♣ ♣


You could see Donald (fast, strong, reflecting) and a tyrant leech.

Vanquished Creatures
  Nikola (Swamp:1)
  2 tentacled starspawn (Abyss:1)
  A thorn hunter (Swamp:1)
  A storm dragon (D:12)
  Nessos (D:12)
  A minotaur (Gauntlet)
  A starcursed mass (Abyss:1)
  Josephine (D:11)
  A fire dragon (D:15)
  6 hydras
  Erolcha (D:13)
  3 alligators (Swamp:1)
  An ice dragon (D:15)
  4 vault guards (D:14)
  9 centaur warriors
  2 boulder beetles
  A catoblepas (Lair:2)
  6 two-headed ogres
  A death knight (D:15)
  2 tengu warriors (D:13)
  5 death yaks (Lair:5)
  4 thrashing horrors (Lair:5)
  3 orc high priests (Orc:2)
  A soul eater (Gauntlet)
  A skyshark (Lair:1)
  Amaemon (Lair:2)
  3 skeletal warriors
  6 slime creatures
  A lindwurm (Lair:3)
  An arcanist (D:12)
  2 bog bodies (Lair:3)
  8 orc knights
  4 harpies (D:13)
  3 orc sorcerers
  12 ugly things
  2 deep elf pyromancers
  3 manticores
  3 cyclopes
  A will-o-the-wisp (Swamp:1)
  Maurice (D:12)
  19 elephants
  A moth of wrath (Gauntlet)
  2 black mambas (shapeshifter)
  A meliai (shapeshifter) (D:13)
  4 kobold blastminers (Orc:2)
  12 cane toads
  2 torpor snails (Lair:5)
  5 black mambas
  A smoke demon (Lair:5)
  2 orange demons
  A gargoyle (D:11)
  2 cane toads (shapeshifter)
  A large abomination (Lair:5)
  3 kobold demonologists
  A rime drake (Lair:2)
  A tengu conjurer (D:15)
  3 efreet
  Psyche (D:11)
  9 komodo dragons
  9 trolls
  2 queen bees (shapeshifter)
  2 polar bears
  A harpy zombie (Abyss:1)
  A hornet (Swamp:1)
  4 tyrant leeches (Swamp:1)
  An ancient zyme (Abyss:1)
  A wolf spider simulacrum (D:15)
  19 blink frogs
  Grinder (D:3)
  A raiju (Lair:5)
  2 spriggans
  A shadow (D:12)
  A ynoxinul (Lair:5)
  Sigmund (D:3)
  3 wyverns
  A vampire (D:12)
  11 wraiths
  41 yaks
  A fire bat (shapeshifter) (Lair:5)
  2 fire elementals (Gauntlet)
  8 basilisks
  21 vampire mosquitoes
  5 wargs
  3 steam dragons
  Menkaure (D:7)
  A swamp worm (Swamp:1)
  2 chaos spawn
  4 acid dragons
  6 water moccasins
  3 hell hounds (Gauntlet)
  18 orc warriors
  A sky beast (D:6)
  A sky beast (shapeshifter) (Lair:5)
  2 laughing skulls (D:15)
  18 wolves
  10 ogres
  5 boggarts (D:14)
  A centaur (shapeshifter) (D:13)
  9 centaurs
  A phantom (D:5)
  2 kobold brigands (Sewer)
  14 bullfrogs
  15 small abominations
  6 scorpions
  13 killer bees
  6 howler monkeys
  3 electric eels (D:6)
  2 bombardier beetles (D:3)
  6 hounds
  29 orc priests
  4 gnoll boudas
  4 jellies
  3 iguanas
  10 orc wizards
  Natasha (thrice) (D:3)
  25 gnolls
  9 adders
  4 river rats
  3 shadow imps (Gauntlet)
  A white imp (D:5)
  4 ufetubi
  3 ribbon worms
  3 dart slugs
  A ribbon worm (shapeshifter) (Abyss:1)
  56 orcs
  6 endoplasms
  8 giant cockroaches
  5 goblins
  6 hobgoblins
  A jackal (D:3)
  13 kobolds
  6 quokkas
  6 ball pythons
  3 bats
  2 frilled lizards (D:1)
  9 rats
  A spectral kobold (D:9)
703 creatures vanquished.

Vanquished Creatures (collateral kills)
  2 orc high priests (Orc:2)
  An orc knight (Orc:2)
  6 orc warriors (Orc:2)
  2 orc priests (Orc:2)
11 creatures vanquished.

Vanquished Creatures (others)
  An orc wizard (D:15)
  An ufetubus (D:6)
  An orc (Orc:1)
  4 foxfires (Swamp:1)
  11 starspawn tentacles (Abyss:1)
18 creatures vanquished.

Grand Total: 732 creatures vanquished

Notes
Turn   | Place    | Note
-------+----------+-------------------------------------------
     0 | D:1      | edsrzf the Mountain Dwarf Berserker began the quest for the
                  | Orb.
     0 | D:1      | Reached XP level 1. HP: 19/19 MP: 1/1
    39 | D:1      | Reached skill level 4 in Axes
    80 | D:1      | Reached XP level 2. HP: 18/26 MP: 2/2
   278 | D:1      | Reached skill level 5 in Axes
   350 | D:1      | Reached XP level 3. HP: 31/31 MP: 3/3
  1030 | D:2      | Reached skill level 6 in Axes
  1030 | D:2      | Reached XP level 4. HP: 37/38 MP: 4/4
  1182 | D:2      | Reached ** piety under Trog
  1713 | D:3      | Noticed Sigmund
  1730 | D:3      | Killed Sigmund
  1731 | D:3      | Reached skill level 8 in Axes
  1731 | D:3      | Reached XP level 5. HP: 36/45 MP: 5/5
  1856 | D:3      | Noticed Grinder
  1869 | D:3      | Killed Grinder
  1870 | D:3      | Reached skill level 9 in Axes
  1870 | D:3      | Reached XP level 6. HP: 49/51 MP: 6/6
  1962 | D:3      | Noticed Natasha
  1974 | D:3      | Killed Natasha
  1991 | D:3      | Identified a scroll of vulnerability
  2006 | D:3      | Reached XP level 7. HP: 27/57 MP: 7/7
  2294 | D:3      | Noticed Natasha
  2303 | D:3      | Killed Natasha
  2534 | D:3      | Reached skill level 10 in Axes
  2658 | D:3      | Noticed Natasha
  2675 | D:3      | Killed Natasha
  2925 | D:4      | Reached skill level 11 in Axes
  3082 | D:4      | HP: 2/85 [iguana (11)]
  3105 | D:4      | Identified a scroll of enchant weapon
  3106 | D:4      | Identified a scroll of teleportation
  3133 | D:4      | Found a glowing golden altar of the Shining One.
  3202 | D:4      | Identified a scroll of identify
  3202 | D:4      | Identified 2 potions of mutation
  3428 | D:4      | Found a glowing drain.
  3439 | Sewer    | Entered a sewer
  3442 | Sewer    | Reached *** piety under Trog
  3589 | Sewer    | Reached XP level 8. HP: 33/63 MP: 8/8
  3755 | Sewer    | Found a white marble altar of Elyvilon.
  3898 | D:4      | Found a shimmering altar of Xom.
  4405 | D:4      | Found a shadowy altar of Dithmenos.
  4417 | D:4      | Found an ancient bone altar of Kikubaaqudgha.
  4667 | D:5      | Entered Level 5 of the Dungeon
  4667 | D:5      | Found a burning altar of Makhleb.
  4684 | D:5      | Reached skill level 12 in Axes
  5063 | D:5      | Reached skill level 13 in Axes
  6358 | D:6      | Reached skill level 14 in Axes
  6498 | D:6      | Reached XP level 9. HP: 70/70 MP: 9/9
  6843 | D:6      | Reached skill level 3 in Armour
  7024 | D:6      | Reached skill level 4 in Fighting
  7106 | D:7      | Noticed Menkaure
  7115 | D:7      | Killed Menkaure
  7279 | D:7      | Found a stormy altar of Qazlal.
  7366 | D:7      | Reached skill level 4 in Armour
  7501 | D:7      | Reached skill level 5 in Fighting
  7501 | D:7      | Found a bloodstained altar of Trog.
  7584 | D:7      | Identified a potion of haste
  7595 | D:7      | Found a staircase to the Ecumenical Temple.
  8071 | D:7      | Reached skill level 5 in Armour
  8337 | D:7      | Reached skill level 6 in Fighting
  8826 | D:8      | Found an ornate altar of the Wu Jian Council.
  8854 | D:8      | Reached skill level 6 in Armour
  8994 | D:8      | Reached skill level 7 in Fighting
  9005 | D:8      | Reached XP level 10. HP: 71/86 MP: 10/10
  9007 | D:8      | Reached skill level 7 in Armour
  9720 | D:9      | Reached skill level 8 in Fighting
  9839 | D:9      | Reached skill level 8 in Armour
  9945 | D:9      | Identified a potion of degeneration
 10046 | D:9      | Noticed a two-headed ogre
 10059 | D:9      | Reached skill level 9 in Fighting
 10059 | D:9      | Killed a two-headed ogre
 10059 | D:9      | Reached **** piety under Trog
 10060 | D:9      | Reached skill level 9 in Armour
 10148 | D:9      | Found a hazy altar of Hepliaklqana.
 10199 | D:9      | Noticed a two-headed ogre
 10199 | D:9      | Noticed a two-headed ogre
 10208 | D:9      | Killed a two-headed ogre
 10210 | D:9      | Killed a two-headed ogre
 10211 | D:9      | Reached skill level 10 in Fighting
 10288 | D:9      | Noticed a brown ugly thing
 10289 | D:9      | Noticed a two-headed ogre
 10292 | D:9      | Noticed a purple ugly thing
 10294 | D:9      | Reached skill level 10 in Armour
 10294 | D:9      | Reached XP level 11. HP: 87/100 MP: 11/11
 10300 | D:9      | Killed a two-headed ogre
 10300 | D:9      | Noticed a white ugly thing
 10307 | D:9      | Killed a green ugly thing
 10309 | D:9      | Killed a brown ugly thing
 10315 | D:9      | Killed a white ugly thing
 10316 | D:9      | Reached skill level 11 in Fighting
 10471 | D:9      | Noticed a red ugly thing
 10500 | D:9      | Reached skill level 11 in Armour
 10500 | D:9      | Killed a red ugly thing
 10507 | D:9      | HP: 4/102 [poisoned by a cane toad]
 10836 | Abyss:1  | Cast into level 1 of the Abyss (gnoll)
 10896 | Abyss:1  | Noticed a tentacled starspawn
 10913 | Abyss:1  | Noticed a tentacled starspawn
 10927 | Abyss:1  | Killed a tentacled starspawn
 10928 | Abyss:1  | Reached skill level 15 in Axes
 11078 | Abyss:1  | Noticed a tentacled starspawn
 11085 | Abyss:1  | Noticed a starcursed mass
 11097 | Abyss:1  | Killed a tentacled starspawn
 11103 | Abyss:1  | Reached skill level 16 in Axes
 11108 | Abyss:1  | Killed a starcursed mass
 11116 | Abyss:1  | Noticed a starcursed mass
 11118 | D:9      | Escaped the Abyss
 11146 | D:9      | Reached skill level 12 in Fighting
 11504 | D:10     | Entered Level 10 of the Dungeon
 11508 | D:10     | Identified the +6 falchion of the Queen {spect, rF+ rCorr
                  | Str+3 SInv}
 11528 | D:10     | Reached XP level 12. HP: 107/112 MP: 12/12
 11560 | D:10     | Found a runed translucent gate.
 11560 | D:10     | Found a runed translucent gate.
 11560 | D:10     | Found a runed translucent gate.
 11604 | D:10     | Found a hide-covered altar of Uskayaw.
 11613 | D:10     | Identified 3 potions of lignification
 11775 | D:10     | Reached skill level 1 in Evocations
 11790 | D:10     | Found a glowing silver altar of Zin.
 11885 | D:10     | Reached skill level 2 in Dodging
 12053 | D:10     | Reached skill level 2 in Evocations
 12142 | D:10     | Found a sparkling altar of Nemelex Xobeh.
 12296 | D:10     | Found a staircase to the Lair.
 12384 | D:10     | Noticed ooops's ghost (novice DsBr)
 12539 | D:11     | Noticed a two-headed ogre
 12546 | D:11     | Reached skill level 3 in Evocations
 12549 | D:11     | Killed a two-headed ogre
 12550 | D:11     | Reached skill level 3 in Dodging
 12632 | D:11     | Reached skill level 4 in Evocations
 12771 | D:11     | Noticed Josephine
 12788 | D:11     | Killed Josephine
 12789 | D:11     | Reached skill level 4 in Dodging
 12789 | D:11     | Reached skill level 5 in Evocations
 12851 | D:11     | Noticed Psyche
 12861 | D:11     | Killed Psyche
 13048 | D:11     | Noticed a two-headed ogre
 13056 | D:11     | Killed a two-headed ogre
 13057 | D:11     | Reached skill level 6 in Evocations
 13208 | D:11     | Identified a potion of ambrosia
 13209 | D:11     | Identified a potion of magic
 13210 | D:11     | Identified 2 potions of cancellation
 13464 | D:12     | Noticed a boulder beetle
 13495 | D:12     | Killed a boulder beetle
 13571 | D:12     | Found a staircase to the Orcish Mines.
 13628 | D:12     | Reached skill level 5 in Dodging
 13696 | D:12     | Found a shadowy altar of Dithmenos.
 13836 | D:12     | Reached skill level 7 in Evocations
 13950 | D:12     | Identified 3 potions of might
 13991 | D:12     | Noticed Maurice
 13992 | D:12     | Noticed a centaur warrior
 14006 | D:12     | Something stole a phantom mirror
 14007 | D:12     | Something stole a ring of resist corrosion
 14009 | D:12     | Killed a centaur warrior
 14011 | D:12     | Something stole 6 curare-tipped darts
 14020 | D:12     | Something stole 782 gold
 14032 | D:12     | Noticed Nessos
 14047 | D:12     | Killed Nessos
 14390 | D:12     | Reached skill level 8 in Evocations
 14404 | D:12     | Reached XP level 13. HP: 104/118 MP: 13/13
 14444 | D:12     | Identified 2 potions of invisibility
 14591 | D:12     | Identified the +4 war axe "Qenk" {flame, +Blink rF+ rCorr}
 14872 | Lair:1   | Entered Level 1 of the Lair of Beasts
 14880 | Lair:1   | Reached skill level 6 in Dodging
 15920 | Lair:2   | Noticed Amaemon
 15943 | Lair:2   | Killed Amaemon
 15982 | Lair:2   | Reached skill level 9 in Evocations
 16334 | Lair:2   | Reached skill level 7 in Dodging
 16343 | Lair:2   | Reached ***** piety under Trog
 16445 | Lair:2   | Found a hole to the Spider Nest.
 16454 | Lair:2   | Identified the +4 ring mail of Ujargh {-Tele *Corrode rElec
                  | rN++}
 16524 | Lair:2   | Reached skill level 10 in Evocations
 18010 | Lair:3   | Found a staircase to the Swamp.
 18482 | Lair:3   | Identified a potion of resistance
 18530 | Lair:4   | Reached skill level 11 in Evocations
 18537 | Lair:4   | Reached skill level 8 in Dodging
 19173 | Lair:4   | Reached XP level 14. HP: 122/126 MP: 14/14
 19829 | Lair:4   | Reached skill level 12 in Armour
 20115 | Lair:5   | Entered Level 5 of the Lair of Beasts
 20136 | Lair:5   | Identified 4 scrolls of poison
 20137 | Lair:5   | Identified 2 scrolls of fear
 20138 | Lair:5   | Identified 2 scrolls of immolation
 20139 | Lair:5   | Identified a scroll of revelation
 20159 | Lair:5   | Found a gate leading to a gauntlet.
 20166 | Lair:5   | Reached skill level 17 in Axes
 20179 | Gauntlet | Entered a Gauntlet
 20179 | Gauntlet | Found a transporter.
 20179 | Gauntlet | Found a transporter.
 20181 | Gauntlet | Found a transporter.
 20182 | Gauntlet | Found a transporter.
 20184 | Gauntlet | Found a transporter.
 20203 | Gauntlet | Found a transporter.
 20205 | Gauntlet | Found a transporter.
 20245 | Gauntlet | Found a transporter.
 20248 | Gauntlet | Found a transporter.
 20248 | Gauntlet | Found a transporter.
 20260 | Gauntlet | Found a transporter.
 20276 | Gauntlet | Found a transporter.
 20282 | Gauntlet | Found the ring of the Octopus King {rF+ HP+2 AC+2 EV+2
                  | SH+2}
 20286 | Gauntlet | Found a transporter.
 20290 | Gauntlet | Found a transporter.
 20371 | Gauntlet | Received a gift from Trog
 20461 | Gauntlet | Identified a scroll of noise
 20462 | Gauntlet | Identified a scroll of enchant armour
 20532 | Gauntlet | Identified the +0 hat of Wisdom {Will+}
 20560 | Gauntlet | Found the +8 trishula "Condemnation" {holy, anguish, *Noise
                  | Fly rN+}
 20567 | Gauntlet | Identified the +3 sling "Ydghyng" {elec, rElec rC+ Str+4
                  | Dex-3}
 21010 | Lair:5   | Identified the +5 orcbow "Oqozxisk" {flame, rN+}
 21205 | Lair:5   | Reached skill level 13 in Armour
 21441 | Lair:5   | Found a staircase to the Slime Pits.
 21491 | Lair:5   | Reached skill level 18 in Axes
 22630 | Lair:5   | Reached skill level 14 in Armour
 23104 | Lair:5   | Found a corrupted altar of Lugonu.
 23104 | Lair:5   | Found a one-way gate to the infinite horrors of the Abyss.
 23111 | Lair:5   | Identified a scroll of butterflies
 23372 | D:12     | Paralysed by Maurice for 3 turns
 23381 | D:12     | Killed Maurice
 23431 | Orc:1    | Entered Level 1 of the Orcish Mines
 23448 | Orc:1    | Received a gift from Trog
 23677 | Orc:1    | Found Irup's Firing Range.
 24151 | Orc:2    | Entered Level 2 of the Orcish Mines
 24153 | Orc:2    | Found a staircase to the Elven Halls.
 24175 | Orc:2    | Reached XP level 15. HP: 106/133 MP: 15/15
 24571 | Orc:2    | Reached skill level 19 in Axes
 24854 | Orc:2    | Found a transporter.
 24854 | Orc:2    | Found a transporter.
 24854 | Orc:2    | Noticed roomforsquares's ghost (journeyman TrFi)
 25168 | Orc:2    | Identified the ring of Past Mistakes {rElec Will+ Str+3
                  | Dex+4}
 25764 | Orc:2    | Reached skill level 15 in Armour
 26056 | Orc:2    | Found Plog's General Store.
 26059 | Orc:2    | Found Wuvuc's Assorted Antiques.
 26060 | Orc:2    | Found Gimmamoge's Armour Emporium.
 26061 | Orc:2    | Found Jiugij's General Store.
 26065 | Orc:2    | Bought 2 scrolls labelled GEEVITRURA for 56 gold pieces
 26230 | Orc:1    | Gained mutation: You are frail. (-10% HP) [a neqoxec]
 26414 | D:13     | Noticed Erolcha
 26426 | D:13     | Lost mutation: You are frail. (-10% HP) [potion of
                  | mutation]
 26426 | D:13     | Gained mutation: Your natural rate of healing is unusually
                  | fast. [potion of mutation]
 26426 | D:13     | Gained mutation: You possess an exceptional clarity of
                  | mind. [potion of mutation]
 26431 | D:13     | Killed Erolcha
 26448 | D:13     | Found a huge runed translucent gate.
 26448 | D:13     | Found a huge runed translucent gate.
 26448 | D:13     | Found a huge runed translucent gate.
 26448 | D:13     | Found a huge runed translucent gate.
 26448 | D:13     | Found a huge runed translucent gate.
 26448 | D:13     | Found a huge runed translucent gate.
 26449 | D:13     | Found a huge runed translucent gate.
 26450 | D:13     | Found a huge runed translucent gate.
 26450 | D:13     | Found a huge runed translucent gate.
 26450 | D:13     | Found a huge runed translucent gate.
 26451 | D:13     | Found a huge runed translucent gate.
 26451 | D:13     | Found a huge runed translucent gate.
 26451 | D:13     | Found a huge runed translucent gate.
 26451 | D:13     | Found a huge runed translucent gate.
 26453 | D:13     | Identified the +6 ring mail "Babemn" {rCorr}
 26455 | D:13     | Found a huge runed translucent gate.
 26457 | D:13     | Found a huge runed translucent gate.
 26457 | D:13     | Found a huge runed translucent gate.
 26457 | D:13     | Found a huge runed translucent gate.
 26457 | D:13     | Found a huge runed translucent gate.
 26466 | D:13     | Found a huge runed translucent gate.
 26605 | D:13     | Received a gift from Trog
 26736 | D:13     | Found a huge runed translucent gate.
 26736 | D:13     | Found a huge runed translucent gate.
 26736 | D:13     | Found a huge runed translucent gate.
 26737 | D:13     | Found a huge runed translucent gate.
 26737 | D:13     | Found a huge runed translucent gate.
 26737 | D:13     | Found a huge runed translucent gate.
 26737 | D:13     | Found a huge runed translucent gate.
 26737 | D:13     | Found a huge runed translucent gate.
 26738 | D:13     | Found a huge runed translucent gate.
 26740 | D:13     | Found a huge runed translucent gate.
 26741 | D:13     | Found a huge runed translucent gate.
 26741 | D:13     | Found a huge runed translucent gate.
 26744 | D:13     | Found a huge runed translucent gate.
 26755 | D:13     | Found a huge runed translucent gate.
 26756 | D:13     | Found a huge runed translucent gate.
 26757 | D:13     | Found a huge runed translucent gate.
 27289 | D:13     | Noticed a tengu reaver
 27289 | D:13     | Noticed a storm dragon
 27289 | D:13     | Noticed a storm dragon
 27289 | D:13     | Noticed a fire giant
 27289 | D:13     | Noticed a tengu reaver
 27289 | D:13     | Noticed a frost giant
 27289 | D:13     | Noticed a tengu reaver
 27333 | D:12     | Killed a storm dragon
 27334 | D:12     | Reached skill level 20 in Axes
 27420 | D:14     | Identified the +8 quarterstaff "Transmigrator" {speed,
                  | rElec rN+ Stlth+}
 27659 | D:14     | Found a gate to the Vaults.
 27678 | D:14     | Reached skill level 16 in Armour
 28109 | D:14     | Identified a potion of attraction
 28361 | D:15     | Entered Level 15 of the Dungeon
 28635 | D:15     | Received a gift from Trog
 28682 | D:15     | Reached XP level 16. HP: 139/139 MP: 16/16
 28819 | D:15     | Found an iron altar of Okawaru.
 28827 | D:15     | Identified the +9 mace "Adghokk" {antimagic, Stlth+}
 28945 | D:15     | Reached skill level 21 in Axes
 29127 | D:15     | Found a staircase to the Depths.
 29183 | D:15     | Upgraded the game from 0.32-a0-290-g598725c to
                  | 0.32-a0-314-g526f7d4
 29343 | Swamp:1  | Entered Level 1 of the Swamp
 29348 | Swamp:1  | Noticed a thorn hunter
 29363 | Swamp:1  | Reached skill level 17 in Armour
 29364 | Swamp:1  | Killed a thorn hunter
 29473 | Swamp:1  | Identified the +0 pair of gloves of the Shrike {+Inv Str+5}
 29473 | Swamp:1  | Noticed Nikola
 29490 | Swamp:1  | Killed Nikola
 29944 | Swamp:1  | Noticed Donald
 29958 | Swamp:1  | HP: 3/208 [Donald/+4 double sword of venom (41)]
 29962 | Swamp:1  | HP: 1/208 [poisoned by Donald]
 29965 | Swamp:1  | Annihilated by Donald

Illustrated notes

Levels and vault maps discovered:
D:1:      ncdulo_watergridlock, layout_basic, chequers_hall_statues_wall_a
D:2:      layout_loops_ring
D:3:      layout_loops_ring, minmay_three_crescents, uniq_natasha, uniq_grinder,
          uniq_sigmund
D:4:      layout_layer_cave, old_standard_altar, jmf_multi_god_temple2,
          mainiacjoe_overflow_surrounded_room, gup_sewer_entry_spiral
D:5:      layout_cave_pools, bloody_makhleb, minmay_misc_feat_pillars
D:6:      layout_loops_ring, serial_bayou_lake_a
D:7:      wad_crossroads, layout_basic, lemuel_crystal_altar,
          overflow_temple_1_default, minmay_temple_entry_junction_2,
          serial_co_window_serial, co_window_paths_b, co_window_corner_a,
          co_window_paths_a, co_window_paths_b, co_window_corner_a,
          co_window_cross_1, co_window_broadway_a, co_window_of_opportunity_c,
          co_window_unsneaky_path_b, co_window_paths_d, glass_columns_a,
          glass_columns_b, glass_columns_b, glass_columns_c, glass_columns_a,
          uniq_menkaure
D:8:      layout_cave_pods, nicolae_wu_jian_wuxing_cycle
D:9:      regret_index_malice_mire, layout_cave_pools,
          nicolae_hepliaklqana_monster_ancestors
D:10:     layout_roguey, mainiacjoe_overflow_catwalk, old_standard_altar,
          zin_statuary, david_lair_shrubbed, gammafunk_ghost_icy,
          amcnicky_mini_corridor_feature, nrook_pool_corridor
D:11:     layout_roguey, uniq_psyche, uniq_josephine
D:12:     layout_basic, orc_0_dummy, nicolae_dithmenos_through_a_glass_darkly,
          uniq_maurice, uniq_nessos
D:13:     layout_gridville, door_vault, uniq_erolcha
D:14:     layout_roguey, lightli_vaults_fourway_checkpoint, chequers_arboretum
D:15:     grunt_enter_depths_hoard, layout_cave_pools, okawaru_ov_weapons_minmay
Lair:1:   layout_loops_ring, serial_bayou_shore_b
Lair:2:   layout_regular_city, nicolae_spider_entry_non_spiders,
          serial_bayou_shore_b, uniq_amaemon
Lair:3:   layout_chaotic_city, skrybe_swamp_entry_bodies, minivault_19
Lair:4:   layout_cave_pods, serial_bayou_shore_b, grunt_megastairs_1
Lair:5:   hellmonk_lair_end_abyssal_woods, layout_long_grid, slime_entry_1,
          gauntlet_entry_generic
Swamp:1:  layout_falls_marsh, nicolae_swamp_oxbows,
          nicolae_swamp_decorative_isthmus, uniq_nikola, uniq_donald
Orc:1:    layout_diamond_mine, nicolae_shop_firing_range
Orc:2:    st_orc_pillars, layout_caves, gammafunk_ghost_arena

Skill      XL: |  1  2  3  4  5  6  7  8  9 10 11 12 13 14 15 16 |
---------------+-------------------------------------------------+-----
Axes           | 4 5 6 8 9 11 14 16 18 20 21 | 21.3
Armour         | 6 10 11 14 16 17 | 17.3
Fighting       | 7 10 12 | 12.2
Evocations     | 8 11 | 11.0
Dodging        | 5 8 |  8.1

Action                     |  1- 3 |  4- 6 |  7- 9 | 10-12 | 13-15 | 16-18 || total
---------------------------+-------+-------+-------+-------+-------+-------++-------
  Melee: Hand axe          |    96 |    87 |   558 |       |       |       ||   741
         War axe           |       |       |    26 |   529 |   665 |     5 ||  1225
         Battleaxe         |       |       |       |       |   822 |   178 ||  1000
  Throw: Dart              |       |       |     7 |     3 |     8 |     2 ||    20
 Invoke: Berserk           |       |     3 |    13 |    12 |     8 |     2 ||    38
         Trog's Hand       |       |     2 |     1 |     3 |     4 |       ||    10
         Brothers in Arms  |       |       |       |       |     1 |       ||     1
  Evoke: Wand              |       |       |       |     7 |     5 |       ||    12
         Lightning rod     |       |       |       |       |     2 |       ||     2
    Use: Scroll            |       |     1 |     4 |     8 |    16 |       ||    29
         Potion            |       |       |     2 |     7 |     5 |     1 ||    15
   Stab: Sleeping          |       |       |     1 |       |       |       ||     1
         Paralysed         |       |       |       |    11 |    16 |       ||    27
         Petrified         |       |       |       |       |     4 |       ||     4
 Armour: Animal skin       |    38 |    28 |   141 |       |       |       ||   207
         Scale mail        |       |       |    86 |   370 |  1060 |   107 ||  1623
  Dodge: Dodged            |    55 |    59 |   286 |   472 |  1253 |    93 ||  2218

Table legend: (Time is in decaauts)
 A = Elapsed time spent in this place.
 B = Non-inter-level travel time spent in this place.
 C = Inter-level travel time spent in this place.
 D = Time resting spent in this place.
 E = Time spent auto-exploring this place.
 F = Levels seen in this place.
 G = Mean time per level.
                   A        B        C        D        E       F      G
               +--------+--------+--------+--------+--------+-----+--------+
         Total |  29668 |  28314 |   1354 |   6235 |  16436 |  26 | 1141.1 |
       Dungeon |  17129 |  16293 |    836 |   3163 |   9975 |  15 | 1141.9 |
          Lair |   7922 |   7560 |    362 |   1765 |   4754 |   5 | 1584.4 |
         Swamp |    629 |    629 |      0 |    110 |    356 |   1 |  629.0 |
  Orcish Mines |   2901 |   2745 |    156 |   1001 |   1188 |   2 | 1450.5 |
         Abyss |    269 |    269 |      0 |     42 |      0 |   1 |  269.0 |
         Sewer |    400 |    400 |      0 |    142 |    161 |   1 |  400.0 |
      Gauntlet |    416 |    416 |      0 |     10 |      0 |   1 |  416.0 |
               +--------+--------+--------+--------+--------+-----+--------+

Top non-repeatable levels by time:
  Lair:5: 2633 daAuts
   Orc:2: 1847 daAuts
     D:6: 1809 daAuts
    D:12: 1602 daAuts
  Lair:4: 1579 daAuts
     D:9: 1547 daAuts
     D:7: 1537 daAuts
  Lair:2: 1458 daAuts
     D:4: 1424 daAuts
     D:3: 1228 daAuts
  Lair:3: 1191 daAuts
  Lair:1: 1060 daAuts
   Orc:1: 1053 daAuts
    D:11: 1044 daAuts
     D:8: 1037 daAuts
